 Dungeon Crawl Stone Soup version 0.31-a0-142-g31f6795574 (webtiles) character file.

Game seed: 313807382309283898

19596 Angani the Photosynthesist (level 12, 0/85 HPs)
             Began as a Pale Draconian Hunter on June 4, 2023.
             Was an Elder of Fedhas.
             Slain by a black mamba (7 damage)
             ... on level 3 of the Lair of Beasts.
             The game lasted 00:20:48 (13801 turns).

Angani the Photosynthesist (Pale Draconian Hunter) Turns: 13801, Time: 00:20:49

Health: 0/85       AC: 10    Str: 14    XL:     12   Next: 37%
Magic:  20/23      EV: 12    Int: 13    God:    Fedhas [****..]
Gold:   601        SH:  0    Dex: 16    Spells: 11/11 levels left

rFire   . . .        x - +0 orcbow
rCold   + . .        (shield currently unavailable)
rNeg    . . .        (body armour unavailable)
rPois   .            y - +0 hat {Stlth+}
rElec   .            s - +0 cloak
rCorr   +            k - +0 pair of gloves
SInv    .            (no boots)
Will    .....        (no amulet)
Stlth   +++          d - ring of resist corrosion
HPRegen 0.34/turn    r - ring of protection from cold
MPRegen 0.18/turn

%: no passive effects
@: lethally poisoned (0 -> -6), short of breath
A: breathe steam, AC +8, unfitting armour, cold-blooded, steam resistance
a: Breathe Steam, Renounce Religion, Wall of Briars, Grow Ballistomycete,
Overgrow


You were on level 3 of the Lair of Beasts.
You worshipped Fedhas.
Fedhas was greatly pleased with you.
You visited 2 branches of the dungeon, and saw 14 of its levels.
You also visited: Bailey.

You collected 601 gold pieces.

Inventory:

Hand Weapons
 c - a -1 demon whip of venom
 x - a +0 orcbow (weapon)
Armour
 k - a +0 pair of gloves (worn)
 s - a +0 cloak (worn)
 y - a +0 hat of stealth (worn)
Jewellery
 d - a ring of resist corrosion (left hand)
 g - a ring of ice
 r - a ring of protection from cold (right hand)
 C - an amulet of regeneration
 D - a +6 ring of strength
Wands
 b - a wand of roots (12)
 f - a wand of polymorph (6)
 w - a wand of mindburst (9)
Scrolls
 a - a scroll of poison
 h - a scroll of silence
 i - a scroll of enchant armour
 j - 3 scrolls of teleportation
 n - 4 scrolls of blinking
 v - 2 scrolls of magic mapping {unknown}
 z - a scroll of vulnerability {unknown}
Potions
 e - 2 potions of enlightenment
 l - 2 potions of might
 m - 2 potions of brilliance {unknown}
 o - 2 potions of lignification {unknown}
 p - 2 potions of curing
 q - a potion of haste {unknown}
 t - a potion of cancellation
 u - a potion of attraction {unknown}
 B - a potion of invisibility {unknown}
Miscellaneous
 A - a lightning rod (4/4)


   Skills:
 - Level 2.1 Fighting
 + Level 14.1 Ranged Weapons
 - Level 1.7 Dodging
 - Level 0.8 Stealth
 + Level 15.5 Invocations


You had 11 spell levels left.
You didn't know any spells.
Your spell library contained the following spells:

 Spells                   Type           Power      Damage    Failure   Level
 Cigotuvi's Dreadful Rot  Necr/Pois/Air  0%         N/A       43%         2
 Ignite Poison            Fire/Tmut/Pois 0%         N/A       67%         3
 Vhi's Electric Charge    Tloc/Air       0%         N/A       67%         3
 Alistair's Intoxication  Tmut/Pois      0%         N/A       100%        5
 Arcjolt                  Conj/Air       0%         1d10      100%        5
 Borgnjor's Vile Clutch   Necr/Erth      0%         N/A       100%        5
 Freezing Cloud           Conj/Ice/Air   0%         6-21      100%        5
 Iskenderun's Battlesphe  Conj           0%         2d6       100%        5
 Eringya's Noxious Bog    Tmut/Pois      0%         N/A       100%        6
 Leda's Unmaking          Conj/Erth      0%         9d1       100%        6
 Plasma Beam              Fire/Air       0%         2x1d10    100%        6
 Spellforged Servitor     Conj/Summ      0%         N/A       100%        7


Dungeon Overview and Level Annotations

Branches:
Dungeon (11/15)            Temple (0/1) D:5            Lair (3/5) D:8
    Orc (0/2) D:10         Bailey (visited)
  Swamp: Lair:2-3    Shoals: Lair:2-3     Snake: Lair:2-3    Spider: Lair:2-3

Altars:
Fedhas
Hepliaklqana
Kikubaaqudgha
Makhleb
Ru
Sif Muna
Yredelemnul
The Shining One

Annotations:
D:9 1 transporter, qborf's ghost, novice MiFi


Innate Abilities, Weirdness & Mutations

You can breathe blasts of scalding, opaque steam.
Your pale cyan-grey scales are hard. (AC +8)
You cannot fit into any form of body armour.
You are cold-blooded and may be slowed by cold attacks.
You are immune to the effects of steam.


Message History

You shoot an arrow. The arrow hits the wolf!
The wolf is almost dead.
You feel sick.
The wolf is engulfed in a cloud of scalding steam.
The wolf bites you!
The wolf is engulfed in a cloud of scalding steam.
You kill the wolf!
Fedhas appreciates your contribution to the ecosystem.
The black mamba barely misses you.
You are too injured to fight recklessly!
Unknown command.
You are too injured to fight recklessly!
Unknown command.
Unknown command.
You feel sick.
Unknown command.
You feel sick.
The black mamba is engulfed in a cloud of scalding steam.
The black mamba bites you.
You are too injured to fight recklessly!
Unknown command.
You shoot an arrow. The arrow hits the black mamba.
The black mamba is moderately wounded.
You feel sick. The black mamba bites you!
* * * LOW HITPOINT WARNING * * *
You are more poisoned.
The black mamba poisons you! The black mamba bites you.
* * * LOW HITPOINT WARNING * * *
Unknown command.
A briar patch grows up from the ground. x6
* * * LOW HITPOINT WARNING * * *
You feel very sick.
The black mamba bites you but does no damage.
Unknown command.
You walk carefully through the plants.
* * * LOW HITPOINT WARNING * * *
You feel very sick. The black mamba bites you!
You die...
Fedhas appreciates your contribution to the ecosystem.

######.###.PP..##
#........#.P....#.#####....#
.#.##.#...#.......# #
##.PP§.........#
#.####SP§.......###
<.....PP@§.....###
#...........#P##
#P...###.§..### ....# #..#§#
...# #...... ... #.#..... ..
##....#.. .... .#


You could see a black mamba (ally target).

Vanquished Creatures
  Gastronok (Lair:1)
  2 vault guards (Bailey)
  Erica (D:8)
  A two-headed ogre (D:9)
  Amaemon (D:8)
  Joseph (D:9)
  A black mamba (Lair:2)
  Maggie (D:9)
  6 cane toads
  An orange demon (D:8)
  2 polar bears
  Prince Ribbit (Bailey)
  Grinder (D:5)
  4 dream sheep (Lair:2)
  2 shadows (D:9)
  A vampire (D:10)
  Sigmund (D:2)
  A wyvern (Lair:2)
  2 wraiths (D:10)
  11 yaks
  2 humans (Bailey)
  Grum (D:9)
  Edmund (D:4)
  Menkaure (D:7)
  Duvessa (D:5)
  2 acid dragons
  7 water moccasins
  A black bear (D:5)
  4 ice beasts
  A sky beast (D:8)
  An orc warrior (D:10)
  An ogre (D:5)
  10 wolves
  2 centaurs
  A phantom (D:6)
  3 kobold brigands
  15 bullfrogs
  A gnoll sergeant (D:7)
  4 scorpions
  5 wights (D:8)
  Dowan (D:5)
  9 killer bees
  An electric eel (D:8)
  4 howler monkeys
  3 jellies
  9 orc priests
  3 hounds (D:5)
  Crazy Yiuf (D:6)
  A gnoll bouda (Lair:2)
  2 iguanas
  8 orc wizards
  4 adders
  7 gnolls (D:7)
  2 shadow imps (D:7)
  A white imp (D:6)
  An ufetubus (D:5)
  3 worms
  3 dart slugs
  23 orcs
  4 bats
  7 endoplasms
  3 giant cockroaches
  13 goblins
  13 hobgoblins
  3 jackals (D:4)
  16 kobolds
  A quokka (D:3)
  7 ball pythons
  3 frilled lizards
  4 rats
  A butterfly (Lair:2)
267 creatures vanquished.

Vanquished Creatures (collateral kills)
  A hydra (Lair:3)
  2 cane toads
  8 wolves
  4 kobolds (D:9)
15 creatures vanquished.

Vanquished Creatures (others)
  A sleepcap (D:7)
1 creature vanquished.

Grand Total: 283 creatures vanquished

Notes
Turn   | Place    | Note
-------+----------+-------------------------------------------
     0 | D:1      | Angani the Draconian Hunter began the quest for the Orb.
     0 | D:1      | Reached XP level 1. HP: 17/17 MP: 1/1
   161 | D:1      | Reached XP level 2. HP: 24/24 MP: 2/2
   592 | D:2      | Noticed Sigmund
   729 | D:2      | Reached XP level 3. HP: 29/29 MP: 3/3
  1171 | D:3      | Found a blossoming altar of Fedhas.
  1192 | D:3      | Became a worshipper of Fedhas Madash
  1243 | D:3      | Reached skill level 5 in Ranged Weapons
  1450 | D:3      | Reached XP level 4. HP: 34/36 MP: 4/4
  1549 | D:3      | Reached skill level 1 in Invocations
  2188 | D:4      | Reached skill level 2 in Invocations
  2188 | D:4      | Reached XP level 5. HP: 24/41 MP: 6/6
  2418 | D:4      | Reached skill level 3 in Invocations
  2573 | D:4      | Reached * piety under Fedhas
  2747 | D:4      | Reached XP level 6. HP: 12/48 MP: 8/8
  3040 | D:4      | Noticed Edmund
  3469 | D:4      | Reached skill level 4 in Invocations
  3677 | D:5      | Entered Level 5 of the Dungeon
  3897 | D:5      | Noticed Duvessa
  3897 | D:5      | Noticed Dowan
  3925 | D:5      | Killed Duvessa
  3926 | D:5      | Your scales start taking on a pale cyan-grey colour.
  3926 | D:5      | Reached XP level 7. HP: 55/55 MP: 10/10
  3926 | D:5      | Gained mutation: You are immune to the effects of steam.
                  | [Pale Draconian growth]
  3939 | D:5      | Killed Dowan
  3940 | D:5      | Reached skill level 5 in Invocations
  4119 | D:4      | Killed Edmund
  4239 | D:2      | Killed Sigmund
  4240 | D:2      | Reached skill level 6 in Invocations
  4358 | D:5      | Noticed Grinder
  4374 | D:5      | Killed Grinder
  4374 | D:5      | Reached ** piety under Fedhas
  4375 | D:5      | Reached XP level 8. HP: 40/61 MP: 11/13
  4454 | D:5      | Found an ancient bone altar of Kikubaaqudgha.
  4663 | D:5      | Reached skill level 7 in Invocations
  4708 | D:5      | Found a staircase to the Ecumenical Temple.
  5105 | D:6      | Reached skill level 8 in Invocations
  5513 | D:6      | Found a runed translucent door.
  5514 | D:6      | Noticed Crazy Yiuf
  5519 | D:6      | Killed Crazy Yiuf
  6039 | D:7      | You fall into a shaft and drop 3 floors!
  6039 | D:10     | Entered Level 10 of the Dungeon
  6170 | D:9      | Noticed Maggie
  6179 | D:9      | Killed Maggie
  6180 | D:9      | Reached XP level 9. HP: 64/67 MP: 15/15
  6198 | D:8      | Reached skill level 9 in Invocations
  6204 | D:8      | Found a staircase to the Lair.
  6313 | D:7      | Reached *** piety under Fedhas
  6418 | D:7      | Found a flagged portal.
  6427 | Bailey   | Entered a bailey
  6508 | Bailey   | Reached skill level 10 in Invocations
  6631 | Bailey   | Reached skill level 10 in Ranged Weapons
  6909 | Bailey   | Noticed a vault guard
  6909 | Bailey   | Noticed Prince Ribbit
  6944 | Bailey   | Killed Prince Ribbit
  6945 | Bailey   | Reached XP level 10. HP: 64/73 MP: 16/18
  6975 | Bailey   | Killed a vault guard
  6976 | Bailey   | Reached skill level 11 in Invocations
  7071 | Bailey   | Noticed a vault guard
  7113 | Bailey   | Killed a vault guard
  7291 | D:7      | Noticed Menkaure
  7293 | D:7      | Killed Menkaure
  7684 | D:8      | Reached **** piety under Fedhas
  7786 | D:8      | Found a shimmering blue altar of Sif Muna.
  8083 | D:8      | Reached skill level 12 in Invocations
  8176 | D:8      | Noticed an orange demon
  8178 | D:8      | Killed an orange demon
  8182 | D:8      | Noticed Amaemon
  8205 | D:8      | HP: 1/73 [poisoned by Amaemon]
  8214 | D:8      | Killed Amaemon
  8553 | D:9      | Noticed Joseph
  8587 | D:9      | Noticed Grum
  8606 | D:9      | Killed Grum
  8777 | D:9      | Reached XP level 11. HP: 44/79 MP: 20/20
  8931 | D:9      | Found a transporter.
  8933 | D:9      | Noticed qborf's ghost (novice MiFi)
  8935 | D:9      | Noticed a two-headed ogre
  8935 | D:9      | Noticed a two-headed ogre
  8935 | D:9      | Noticed a two-headed ogre
  8985 | D:9      | Noticed a two-headed ogre
  8992 | D:9      | Killed a two-headed ogre
  8993 | D:9      | Reached skill level 13 in Invocations
  9002 | D:9      | Found a hazy altar of Hepliaklqana.
  9012 | D:9      | Found a burning altar of Makhleb.
  9013 | D:9      | Found a glowing golden altar of the Shining One.
  9015 | D:9      | Found a basalt altar of Yredelemnul.
  9017 | D:9      | Found a sacrificial altar of Ru.
  9078 | D:9      | Killed Joseph
  9700 | D:10     | Found a staircase to the Orcish Mines.
 10634 | Lair:1   | Entered Level 1 of the Lair of Beasts
 10640 | Lair:1   | Noticed Erica
 10791 | D:8      | Killed Erica
 11038 | Lair:1   | Noticed Gastronok
 11071 | Lair:1   | Killed Gastronok
 11072 | Lair:1   | Reached skill level 14 in Invocations
 11801 | Lair:1   | Reached XP level 12. HP: 7/85 MP: 17/23
 12688 | Lair:2   | Reached skill level 15 in Invocations
 13713 | Lair:3   | Noticed a five-headed hydra
 13722 | Lair:3   | Killed a five-headed hydra
 13801 | Lair:3   | Slain by a black mamba

Illustrated notes

Levels and vault maps discovered:
D:1:      ncdulo_wetmaze, layout_rooms, serial_glass, glass_columns_c,
          glass_columns_a, glass_columns_b, glass_columns_a, glass_columns_a,
          glass_columns_b, dk_noncrumbling_4, amcnicky_mini_corridor_feature,
          nicolae_concentric_dashed_squares_mild
D:2:      layout_basic, uniq_sigmund
D:3:      layout_loops_ring, mainiacjoe_overflow_paths, serial_co_window_serial,
          co_window_of_opportunity_a, co_window_of_opportunity_a,
          co_window_paths_b, co_window_corner_a, co_window_paths_b,
          co_window_paths_a, co_window_paths_b, co_window_paths_a,
          co_window_paths_a, co_window_broadway_a, co_window_2corner,
          co_window_corner_ca, co_window_broadway_b, co_window_unsneaky_path_c
D:4:      layout_basic, uniq_edmund
D:5:      layout_basic, mainiacjoe_overflow_boulevard, temple_pool_b,
          serial_bayou_pond_e, st_stairs_14, uniq_duvessa, uniq_grinder
D:6:      layout_basic, uniq_crazy_yiuf_cottage
D:7:      layout_rooms, enter_bailey_7, uniq_menkaure
D:8:      statuecave_lemuel, layout_rooms, nicolae_sif_muna_condensation,
          lair_entry_dummy, ebering_dispersal_statue_hall, uniq_amaemon
D:9:      layout_roguey, grunt_temple_overflow_open, gammafunk_ghost_smash,
          uniq_maggie, uniq_grum, uniq_joseph
D:10:     layout_roguey, orc_0_dummy
D:11:     nicolae_hexawheel, layout_irregular_city, minivault_1,
          hangedman_fish_farm
Lair:1:   layout_hall_layers, chequers_serial_rivers_small_3, uniq_gastronok,
          uniq_erica
Lair:2:   layout_small_grid, dreamdust_gnoll_shepherd, lemuel_fruit_fields
Lair:3:   layout_misc_corridors, nicolae_shoals_entry_roost,
          nicolae_spider_entry_non_spiders, beast_lair_carwin_8

Skill      XL: |  1  2  3  4  5  6  7  8  9 10 11 12 |
---------------+-------------------------------------+-----
Ranged Weapons | 4 5 6 7 9 10 11 13 14 | 14.1
Invocations    | 2 3 4 6 8 10 12 14 15 | 15.5
Fighting       | |  2.1
Dodging        | |  1.7
Stealth        | |  0.8

Action                     |  1- 3 |  4- 6 |  7- 9 | 10-12 || total
---------------------------+-------+-------+-------+-------++-------
   Fire: Shortbow          |   119 |   197 |   292 |   316 ||   924
         Orcbow            |       |       |       |   336 ||   336
 Invoke: Wall of Briars    |       |       |       |    14 ||    14
         Overgrow          |       |       |       |     1 ||     1
Ability: Breathe Steam     |       |       |    21 |    40 ||    61
    Use: Scroll            |       |     5 |     7 |     5 ||    17
         Potion            |       |     2 |       |     3 ||     5
 Armour: Skin              |    10 |    30 |    71 |    92 ||   203
  Dodge: Dodged            |    36 |    41 |   123 |   197 ||   397

Table legend: (Time is in decaauts)
 A = Elapsed time spent in this place.
 B = Non-inter-level travel time spent in this place.
 C = Inter-level travel time spent in this place.
 D = Time resting spent in this place.
 E = Time spent auto-exploring this place.
 F = Levels seen in this place.
 G = Mean time per level.
                   A        B        C        D        E       F      G
               +--------+--------+--------+--------+--------+-----+--------+
         Total |  13783 |  12834 |    949 |   2704 |   7635 |  15 |  918.9 |
       Dungeon |  10101 |   9182 |    919 |   1128 |   6370 |  11 |  918.3 |
          Lair |   2948 |   2918 |     30 |   1203 |   1265 |   3 |  982.7 |
        Bailey |    733 |    733 |      0 |    373 |      0 |   1 |  733.0 |
               +--------+--------+--------+--------+--------+-----+--------+

Top non-repeatable levels by time:
     D:4: 1681 daAuts
  Lair:1: 1667 daAuts
     D:8: 1266 daAuts
  Lair:2: 1199 daAuts
    D:10: 1195 daAuts
     D:3: 1095 daAuts
     D:6: 1078 daAuts
     D:5: 980 daAuts
     D:9: 816 daAuts
  Bailey: 733 daAuts
     D:1: 679 daAuts
     D:7: 584 daAuts
     D:2: 582 daAuts
    D:11: 141 daAuts
  Lair:3: 81 daAuts
